 Dungeon Crawl Stone Soup version 0.28-a0-258-g8de209e91f (webtiles) character file.

Game seed: 5803393652365295401

24412 rogsnak the Thaumaturge (level 13, -2/83 HPs)
             Began as a Djinni Fire Elementalist on Aug 27, 2021.
             Was the Champion of the Shining One.
             Slain by a war gargoyle (28 damage)
             ... on level 12 of the Dungeon.
             The game lasted 00:45:58 (15724 turns).

rogsnak the Thaumaturge (Djinni Fire Elementalist) Turns: 15724, Time: 00:45:59

Health: -2/83      AC: 13    Str: 13    XL:     13   Next: 42%
Gold:   1227       EV: 11    Int: 22    God:    the Shining One [******] SH:  0 Dex: 14

rFire   + + .      SeeInvis .   a - +5 rapier (freeze)
rCold   . . .      Faith    .   (no shield)
rNeg    + + +      Spirit   .   y - +4 scale mail "Naacatukk" {Regen+}
rPois   ∞          Reflect  .   (no helmet)
rElec   .          Harm     .   Y - scarf {shadows}
rCorr   .          Rampage  .   G - +0 pair of gloves
Will    +....                   (boots unavailable)
Stlth   ..........              x - amulet of the acrobat
HPRegen 1.23/turn               l - ring of protection from cold
MPRegen 0.00/turn               R - +6 ring of strength

@: flying, glowing, studying Stealth
A: sickness immunity, fire resistance 2, cold vulnerability 1, float, innate
caster, hp casting, extra vitality 1
a: Renounce Religion, Divine Shield, Cleansing Flame, Summon Divine Warrior,
Brand Weapon With Holy Wrath


You were on level 12 of the Dungeon.
You worshipped the Shining One.
The Shining One was exalted by your worship.
You visited 2 branches of the dungeon, and saw 13 of its levels.
You also visited: Bailey and Ice Cave.

You collected 1312 gold pieces.
You spent 85 gold pieces at shops.

Inventory:

Hand Weapons
 a - a +5 rapier of freezing (weapon)
 E - the +9 hunting sling of Spite {freeze, Str+10}
   (You took it off an orc on level 5 of the Dungeon)

   Any ammunition fired from it freezes those it strikes, dealing additional
   cold damage.
   It can also slow down cold-blooded creatures.
   Str:       It affects your strength (+10).
 N - a +0 antimagic mace
 P - a +1 scimitar of flaming
Missiles
 c - 554 stones
 f - 4 curare-tipped darts
 j - 124 poisoned darts
 Q - 4 throwing nets
 T - 15 atropa-tipped darts
Armour
 i - a +0 cloak
 r - the +1 helmet "Ucoasos" {-Tele Drain rElec SInv}
   (You found it in a bailey)

   rElec:     It insulates you from electricity.
   SInv:      It lets you see invisible.
   -Tele:     It prevents most forms of teleportation.
   Drain:     It drains your maximum health when unequipped.
 u - the +1 robe of Sin {Rampage +Blink Int+5 Archmagi}
   (You acquired it on level 11 of the Dungeon)

   Int:       It affects your intelligence (+5).
   +Blink:    It lets you blink.
   Rampage:   It bestows one free step when moving towards enemies.
   Archmagi:  It increases the power of your magical spells.
 y - the +4 scale mail "Naacatukk" (worn) {Regen+}
   (You found it on level 6 of the Dungeon)

   Regen:     It increases your rate of health regeneration.
 G - a +0 pair of gloves (worn)
 L - +1 steam dragon scales
 X - a +2 plate armour of cold resistance
 Y - a scarf of shadows (worn)
Magical Staves
 m - a staff of earth
 n - a staff of air
Jewellery
 l - a ring of protection from cold (left hand)
 x - an amulet of the acrobat (around neck)
 B - a ring of willpower
 J - a ring of see invisible
 O - a ring of ice
 R - a +6 ring of strength (right hand)
Wands
 t - a wand of digging (10)
 F - a wand of flame (36)
 K - a wand of acid (16)
 V - a wand of mindburst (11)
Scrolls
 e - 2 scrolls of magic mapping {unknown}
 g - 6 scrolls of teleportation {unknown}
 h - a scroll of vulnerability {unknown}
 k - 2 scrolls of enchant armour
 o - a scroll of enchant weapon
 s - 2 scrolls of fear
 v - 3 scrolls of noise {unknown}
 D - 4 scrolls of immolation {unknown}
 I - 3 scrolls of fog {unknown}
 Z - a scroll of blinking
Potions
 b - a potion of cancellation {unknown}
 d - 6 potions of curing {unknown}
 p - 5 potions of heal wounds
 q - a potion of haste
 w - a potion of mutation
 z - 2 potions of brilliance {unknown}
 A - a potion of lignification {unknown}
 C - 2 potions of attraction {unknown}
 H - a potion of ambrosia
 S - 2 potions of magic {unknown}
Miscellaneous
 W - a phial of floods


   Skills:
 + Level 4.2 Fighting
 + Level 7.5 Armour
 + Level 6.4 Dodging
 - Level 1.6 Stealth
 + Level 14.1 Spellcasting
 + Level 4.4 Invocations


You had 6 spell levels left.
You knew the following spells:

 Your Spells              Type           Power      Damage    Failure   Level
a - Foxfire               Conj/Fire      100%       2x1d9     1%          1
b - Conjure Flame         Conj/Fire      67%        6-21      1%          3
c - Inner Flame           Hex/Fire       67%        N/A       1%          3
d - Sticky Flame          Conj/Fire      67%        2d8       1%          4
e - Fireball              Conj/Fire      33%        3d14      1%          5
f - Sting                 Tmut/Pois      100%       1d8       1%          1
g - Wereblood             Tmut           67%        N/A       1%          2
h - Searing Ray           Conj           100%       3d7       1%          2
i - Passage of Golubria   Tloc           N/A        N/A       1%          4
j - Fulminant Prism       Conj/Hex       33%        3d16      1%          4
k - Freezing Cloud        Conj/Ice/Air   33%        6-21      1%          5
Your spell library was empty.

Dungeon Overview and Level Annotations

Branches:
Dungeon (12/15)            Temple (1/1) D:4            Lair (0/6) D:10
    Orc (0/2) D:11         Bailey (visited)           IceCv (visited)

Altars:
Elyvilon
Fedhas
Hepliaklqana
Nemelex Xobeh
Okawaru
Ru
Sif Muna
Trog
Vehumet
Wu Jian
Yredelemnul
Zin
The Shining One
Beogh

Shops:
D:1 *   D:9 (   D:11 !

Annotations:
D:5 bande's ghost, amateur GrFi


Innate Abilities, Weirdness & Mutations

You are immune to sickness and miasma.
You are immune to poison.
Your flesh is very heat resistant. (rF++)
You are vulnerable to cold. (rC-)
You float through the air rather than walking.
You learn spells naturally, not from books.
Your magical power is your life essence.
You have superior vitality. (+4 HP)


Message History

Press: ? - help, Shift-Dir - straight line The fireball explodes!
The fireball engulfs the war gargoyle!
The war gargoyle resists.
The war gargoyle is severely damaged.
The fireball engulfs the tengu reaver!!
The tengu reaver is burned terribly!
You kill the tengu reaver!
Your Spellcasting skill increases to level 14!
Unknown command.
Unknown command.
Casting: Fireball (dangerous; 1% risk of failure)
Confirm with . or Enter, or press ? or * to list all spells.
Aiming: Sticky Flame (mildly dangerous; 1% risk of failure)
Press: ? - help, Shift-Dir - straight line, f - war gargoyle
Aim: a war gargoyle, wielding a +0 great mace (heavily damaged, haloed, 100% to hit)
The sticky flame hits the war gargoyle but does no damage.
The war gargoyle is heavily damaged.
The war gargoyle is covered in liquid flames!
The war gargoyle burns!
The war gargoyle hits you but does no damage.
Unknown command.
Casting: Sticky Flame (mildly dangerous; 1% risk of failure)
Confirm with . or Enter, or press ? or * to list all spells.
Aiming: Fulminant Prism (mildly dangerous; 1% risk of failure)
Press: ? - help, Dir - move target, p - war gargoyle You conjure a prism of explosive energy!
A fulminant prism comes into view.
The war gargoyle burns!
The war gargoyle hits you with a +0 great mace!!!
Unknown command.
Casting: Fulminant Prism (mildly dangerous; 1% risk of failure)
Confirm with . or Enter, or press ? or * to list all spells.
Aiming: Fireball (dangerous; 1% risk of failure)
Press: ? - help, Shift-Dir - straight line The fireball explodes!
The fireball engulfs the war gargoyle.
The war gargoyle resists.
The war gargoyle is severely damaged.
* * * LOW HITPOINT WARNING * * *
The war gargoyle burns!
The war gargoyle hits you with a +0 great mace!!
You die...

###.....9.....##
#....))$Q..##.
#.....$...##.#
####..#'#.#J##
#######.)#.#.#o#.
.###....##.*#.#.)...
........#..# #.#.
#....##9.# #....@..#
#.#.....#
#####.#######
#............
#.#..........
#.#[<......
#.###.#.... #.
....#. #. ##.##


You could see a war gargoyle (burning, ally target) and a friendly fulminant
prism.

Vanquished Creatures
  A tengu reaver (D:12)
  A reaper (IceCv)
  Harold (D:8)
  4 two-headed ogres
  An orb spider (shapeshifter) (D:10)
  4 orc knights (Bailey)
  A gargoyle (D:12)
  An ice statue (IceCv)
  A kobold demonologist (D:11)
  Maggie (D:8)
  2 komodo dragons
  2 entropy weaver simulacra (IceCv)
  A tengu conjurer (D:10)
  2 ice devils (D:11)
  2 trolls (D:10)
  Grinder (D:5)
  A meliai zombie (D:11)
  5 slime creatures (D:12)
  14 yaks
  2 dire elephant simulacra (IceCv)
  3 shadows
  A wraith (D:11)
  A wyvern (D:11)
  Grum (D:10)
  2 steam dragons
  3 death yak simulacra (IceCv)
  2 harpy simulacra (IceCv)
  An acid dragon (D:10)
  4 water moccasins
  12 orc warriors
  2 sky beasts
  An ice beast (D:7)
  A necrophage (D:6)
  2 boggarts
  2 wolves (D:10)
  4 centaurs
  4 kobold brigands
  5 bullfrogs
  6 two-headed ogre simulacra (IceCv)
  A wyvern zombie (D:4)
  5 cane toad simulacra (IceCv)
  A scorpion (D:6)
  18 killer bees
  2 howler monkeys
  A bullfrog zombie (D:6)
  7 orc priests
  6 centaur zombies
  4 hounds
  A jelly (D:8)
  Crazy Yiuf (D:6)
  2 bullfrog skeletons (D:6)
  3 gnoll shamans
  A scorpion zombie (D:5)
  3 iguanas
  9 orc wizards
  2 polar bear simulacra (IceCv)
  5 troll simulacra (IceCv)
  4 spriggan simulacra (IceCv)
  2 wolf simulacra (IceCv)
  2 howler monkey zombies
  13 gnolls
  A howler monkey skeleton (D:4)
  9 adders
  7 naga simulacra (IceCv)
  A shadow imp (D:6)
  12 white imps
  4 ufetubi
  An adder skeleton (D:4)
  4 worms
  A dart slug (D:2)
  40 orcs
  3 bats
  9 endoplasms
  11 goblins
  9 hobgoblins
  15 jackals
  6 quokkas
  8 ball pythons
  5 frilled lizards
  25 kobolds
  4 rats
373 creatures vanquished.

Vanquished Creatures (collateral kills)
  A foxfire (D:8)
1 creature vanquished.

Vanquished Creatures (others)
  828 foxfires
  5 fulminant prisms
  12 fungi (D:10)
  12 plants
857 creatures vanquished.

Grand Total: 1231 creatures vanquished

Notes
Turn   | Place    | Note
-------+----------+-------------------------------------------
     0 | D:1      | rogsnak the Djinni Fire Elementalist began the quest for
                  | the Orb.
     0 | D:1      | Reached XP level 1. HP: 15/15 MP: 0/0
    44 | D:1      | Found Sesuow's General Store.
    97 | D:1      | Reached XP level 2. HP: 10/21 MP: 0/0
   636 | D:1      | Reached skill level 3 in Spellcasting
   638 | D:1      | Reached XP level 3. HP: 15/25 MP: 0/0
   638 | D:1      | Learned a level 1 spell: Sting
  1547 | D:2      | Found an iron altar of Okawaru.
  1944 | D:2      | Reached XP level 4. HP: 22/31 MP: 0/0
  2759 | D:2      | Found a faded altar of an unknown god.
  3160 | D:3      | Reached skill level 4 in Spellcasting
  3160 | D:3      | Reached XP level 5. HP: 19/36 MP: 0/0
  3160 | D:3      | Learned a level 2 spell: Wereblood
  3376 | D:3      | Found a bloodstained altar of Trog.
  4386 | D:3      | Reached skill level 1 in Fighting
  4730 | D:4      | Reached XP level 6. HP: 37/42 MP: 0/0
  4835 | D:4      | Found a basalt altar of Yredelemnul.
  4841 | D:4      | Noticed a profane servitor
  4856 | D:4      | Found a glowing golden altar of the Shining One.
  4858 | D:4      | Noticed an angel
  4863 | D:4      | Became a worshipper of the Shining One
  5498 | D:4      | Found a staircase to the Ecumenical Temple.
  5504 | Temple   | Entered the Ecumenical Temple
  5832 | D:4      | Reached skill level 5 in Spellcasting
  5832 | D:4      | Reached XP level 7. HP: 38/47 MP: 0/0
  5832 | D:4      | Learned a level 2 spell: Searing Ray
  5945 | D:5      | Entered Level 5 of the Dungeon
  6307 | D:5      | Reached * piety under the Shining One
  6852 | D:5      | Noticed Grinder
  6860 | D:5      | Killed Grinder
  6861 | D:5      | Reached skill level 6 in Spellcasting
  6861 | D:5      | Reached XP level 8. HP: 44/54 MP: 0/0
  6922 | D:5      | You are sucked into a shaft and drop 2 floors!
  7106 | D:6      | Identified the +4 scale mail "Naacatukk" {Regen+}
  7408 | D:7      | Reached skill level 7 in Spellcasting
  7553 | D:5      | Found a sacrificial altar of Ru.
  7611 | D:5      | Found a runed translucent gate.
  7620 | D:5      | Found a runed translucent gate.
  7622 | D:5      | Found a runed translucent gate.
  7625 | D:5      | Noticed bande's ghost (amateur GrFi)
  7626 | D:5      | Identified the +9 hunting sling of Spite {freeze, Str+10}
  7750 | D:5      | Found a white marble altar of Elyvilon.
  8060 | D:5      | Reached ** piety under the Shining One
  8444 | D:6      | Found a blossoming altar of Fedhas.
  8595 | D:6      | Reached skill level 1 in Invocations
  8635 | D:6      | Reached skill level 5 in Dodging
  8635 | D:6      | Reached XP level 9. HP: 54/58 MP: 0/0
  8635 | D:6      | Learned a level 4 spell: Passage of Golubria
  9399 | D:6      | Found a runed translucent door.
  9400 | D:6      | Noticed Crazy Yiuf
  9406 | D:6      | Killed Crazy Yiuf
  9723 | D:7      | Reached skill level 8 in Spellcasting
  9831 | D:7      | Reached skill level 1 in Armour
 10563 | D:8      | Noticed Maggie
 10566 | D:8      | Noticed Harold
 10714 | D:8      | Killed Maggie
 10722 | D:8      | Reached XP level 10. HP: 23/65 MP: 0/0
 11142 | D:8      | Reached skill level 9 in Spellcasting
 11142 | D:8      | Killed Harold
 11843 | D:9      | Found Fucyps's Weapon Emporium.
 11916 | D:9      | Reached skill level 10 in Spellcasting
 11941 | D:9      | Reached *** piety under the Shining One
 11950 | D:9      | Noticed a two-headed ogre
 11958 | D:9      | Killed a two-headed ogre
 11981 | D:9      | Found a flagged portal.
 12007 | Bailey   | Entered a bailey
 12007 | Bailey   | Noticed an orc knight
 12007 | Bailey   | Noticed an orc knight
 12014 | Bailey   | Reached XP level 11. HP: 48/71 MP: 0/0
 12014 | Bailey   | Learned a level 4 spell: Fulminant Prism
 12070 | Bailey   | Killed an orc knight
 12109 | Bailey   | Noticed an orc knight
 12110 | Bailey   | Killed an orc knight
 12111 | Bailey   | Reached skill level 11 in Spellcasting
 12112 | Bailey   | Noticed an orc knight
 12116 | Bailey   | Killed an orc knight
 12119 | Bailey   | Killed an orc knight
 12218 | Bailey   | Identified the +1 helmet "Ucoasos" {-Tele Drain rElec SInv}
 12583 | D:9      | Reached skill level 5 in Armour
 12829 | D:10     | Entered Level 10 of the Dungeon
 12848 | D:10     | Found a sparkling altar of Nemelex Xobeh.
 13004 | D:10     | Reached XP level 12. HP: 62/78 MP: 0/0
 13008 | D:10     | Reached skill level 12 in Spellcasting
 13168 | D:10     | Noticed Grum
 13172 | D:10     | Killed Grum
 13241 | D:10     | Noticed a two-headed ogre
 13250 | D:10     | Noticed a two-headed ogre
 13251 | D:10     | Killed a two-headed ogre
 13252 | D:10     | Noticed a centaur warrior
 13697 | D:10     | Killed a two-headed ogre
 13770 | D:10     | Found a staircase to the Lair.
 14027 | D:11     | Reached **** piety under the Shining One
 14030 | D:11     | Found a frozen archway.
 14040 | IceCv    | Entered an ice cave
 14099 | IceCv    | Reached skill level 13 in Spellcasting
 14200 | IceCv    | Reached ***** piety under the Shining One
 14250 | IceCv    | Noticed a reaper
 14258 | IceCv    | Killed a reaper
 14405 | IceCv    | Reached XP level 13. HP: 83/83 MP: 0/0
 14405 | IceCv    | Learned a level 5 spell: Freezing Cloud
 14904 | D:11     | Identified a scroll of acquirement
 14911 | D:11     | Acquired the +1 robe of Sin {Rampage +Blink Int+5 Archmagi}
 14927 | D:11     | Found a staircase to the Orcish Mines.
 14940 | D:11     | Reached ****** piety under the Shining One
 15122 | D:11     | Found Suklevet's Distillery.
 15129 | D:11     | Bought a potion of heal wounds for 85 gold pieces
 15632 | D:12     | Noticed a tengu reaver
 15633 | D:12     | Noticed a war gargoyle
 15720 | D:12     | Killed a tengu reaver
 15721 | D:12     | Reached skill level 14 in Spellcasting
 15724 | D:12     | Slain by a war gargoyle

Illustrated notes

Levels and vault maps discovered:
D:1:      dpeg_arrival_brainrot, layout_basic, serial_shops, shop_fountains,
          minmay_close_crescents
D:2:      layout_basic, dreamdust_ecumenical_altar_grove, basic_altar,
          minmay_distorted
D:3:      layout_loops_ring, lemuel_tele_altar, guppyfry_early_orc_mine
D:4:      layout_basic, grunt_temple_overflow_holy_war, temple_green
D:5:      layout_rooms, lemuel_round_altar, elyvilon_altar_1,
          biasface_ghost_orc_armoury, serial_bayou_pond_a, uniq_grinder
D:6:      layout_layer_cave, lemuel_round_altar, patterned_corridor,
          uniq_crazy_yiuf_cottage
D:7:      layout_loops_ring, lemuel_flame_loot_1
D:8:      layout_cave_pools, nicolae_sif_muna_little_library,
          serial_column_ruins, column_ruins_grid_1,
          column_ruins_corridor_straight, column_ruins_grid_1,
          column_ruins_corridor_straight, serial_bayou_crossing, uniq_harold,
          uniq_maggie
D:9:      layout_basic, serial_shops, kennysheep_little_box, enter_bailey_3,
          kennysheep_another_room
D:10:     minmay_bloctagon, layout_basic, nemelex_xobeh_ov_fountains_minmay,
          mainiacjoe_overflow_chevrons, david_lair_shrubbed, uniq_grum
D:11:     layout_loops_corners, orc_0_dummy, portal_ice_cave_demonic_guard,
          serial_shops, shop
D:12:     minmay_strange_plus, layout_basic, ebering_ghost_reflecting_pool,
          special_room [special_room_bee], grunt_decor_resistance
Temple:   cyrus_circular_temple

Skill      XL: |  1  2  3  4  5  6  7  8  9 10 11 12 13 |
---------------+----------------------------------------+-----
Spellcasting   | 3 4 5 6 7 8 10 11 13 14 | 14.1
Fighting       | 1 2 3 4 |  4.2
Dodging        | 3 4 5 6 |  6.4
Invocations    | 1 3 4 |  4.4
Armour         | 2 3 5 6 7 |  7.5
Stealth        | |  1.6

Action                   |  1- 3 |  4- 6 |  7- 9 | 10-12 | 13-15 || total
-------------------------+-------+-------+-------+-------+-------++-------
Melee: Short sword       |    21 |    28 |       |       |       ||    49
       Trident           |       |    10 |    27 |     1 |       ||    38
       Scimitar          |       |       |       |     7 |       ||     7
       Rapier            |       |       |       |    13 |    11 ||    24
 Cast: Foxfire           |    75 |   165 |   181 |    96 |     2 ||   519
       Sticky Flame      |       |     1 |    15 |    14 |     6 ||    36
       Searing Ray       |       |       |     3 |     6 |     1 ||    10
       Fireball          |       |       |     5 |   133 |    43 ||   181
       Passage of Golubr |       |       |     2 |       |       ||     2
       Fulminant Prism   |       |       |       |     1 |     5 ||     6
       Freezing Cloud    |       |       |       |       |     1 ||     1
  Use: Scroll            |       |       |       |     3 |     9 ||    12
 Stab: Sleeping          |       |     2 |       |       |       ||     2
Armor: Robe              |     4 |    22 |     2 |       |       ||    28
       Leather armour    |       |       |     4 |       |       ||     4
       Steam dragon scal |       |       |     2 |       |       ||     2
       Scale mail        |       |       |       |    35 |    22 ||    57
Dodge: Dodged            |    22 |    37 |    52 |    46 |    13 ||   170
       Rpst.: Scimitar   |       |       |       |     2 |       ||     2

Table legend: (Time is in decaauts)
 A = Elapsed time spent in this place.
 B = Non-inter-level travel time spent in this place.
 C = Inter-level travel time spent in this place.
 D = Time resting spent in this place.
 E = Time spent auto-exploring this place.
 F = Levels seen in this place.
 G = Mean time per level.
                   A        B        C        D        E       F      G
               +--------+--------+--------+--------+--------+-----+--------+
         Total |  15752 |  15466 |    286 |   2587 |   9501 |  15 | 1050.1 |
       Dungeon |  14931 |  14645 |    286 |   2406 |   9382 |  12 | 1244.2 |
        Temple |      1 |      1 |      0 |      0 |      0 |   1 |    1.0 |
        Bailey |    228 |    228 |      0 |    101 |      0 |   1 |  228.0 |
      Ice Cave |    590 |    590 |      0 |     80 |    119 |   1 |  590.0 |
               +--------+--------+--------+--------+--------+-----+--------+

Top non-repeatable levels by time:
     D:4: 1834 daAuts
     D:3: 1609 daAuts
     D:2: 1569 daAuts
     D:1: 1547 daAuts
     D:6: 1520 daAuts
     D:7: 1511 daAuts
     D:5: 1197 daAuts
    D:11: 1080 daAuts
    D:10: 1048 daAuts
     D:8: 1022 daAuts
     D:9: 929 daAuts
   IceCv: 590 daAuts
  Bailey: 228 daAuts
    D:12: 59 daAuts
  Temple: 1 daAuts
